 Dungeon Crawl Stone Soup version 0.29-a0-221-gceb61267dd (webtiles) character file.

Game seed: 1387171653803720650

296 cyrus the Chopper (level 6, -9/55 HPs)
             Began as a Hill Orc Fighter on Feb 27, 2022.
             Was an Initiate of Yredelemnul.
             Mangled by an ogre
             ... wielding a +0 giant club
              (14 damage)
             ... on level 4 of the Dungeon.
             The game lasted 00:07:57 (3606 turns).

cyrus the Chopper (Hill Orc Fighter)                Turns: 3606, Time: 00:07:57

Health: -9/55      AC:  7    Str: 25    XL:     6   Next: 35%
Magic:  6/6        EV: 10    Int: 10    God:    Yredelemnul [......]
Gold:   185        SH:  0    Dex: 10    Spells: 5/5 levels left

rFire   . . .      SeeInvis .   m - +0 battleaxe
rCold   . . .      Faith    .   (shield currently unavailable)
rNeg    . . .      Spirit   .   b - +0 scale mail
rPois   .          Reflect  .   (no helmet)
rElec   .          Harm     .   (no cloak)
rCorr   .          Rampage  .   (no gloves)
Will    .....                   (no boots)
Stlth   ..........              (no amulet)
HPRegen 0.18/turn               i - +6 ring of strength
MPRegen 0.10/turn               (no ring)

@: no status effects
A: no striking features
a: Renounce Religion, Recall Undead Harvest


You were on level 4 of the Dungeon.
You worshipped Yredelemnul.
Yredelemnul was noncommittal.
You visited 1 branch of the dungeon, and saw 4 of its levels.

You collected 185 gold pieces.

Inventory:

Hand Weapons
 a - a +0 war axe
 m - a +0 battleaxe (weapon)
Armour
 b - a +0 scale mail (worn)
 c - a +0 buckler
Jewellery
 h - an amulet of magic regeneration
 i - a +6 ring of strength (left hand)
Wands
 u - a wand of iceblast (8)
Scrolls
 d - a scroll of brand weapon {unknown}
 f - a scroll of amnesia {unknown}
 j - 6 scrolls of identify {unknown}
 l - a scroll of noise {unknown}
 n - a scroll of summoning {unknown}
 o - a scroll of blinking {unknown}
 r - a scroll of fog {unknown}
Potions
 e - a potion of resistance {unknown}
 g - a potion of haste {unknown}
 k - a potion of magic {unknown}
 p - a potion of heal wounds {unknown}
 q - a potion of attraction {unknown}
 s - a potion of cancellation {unknown}
 t - a potion of curing {unknown}


   Skills:
 + Level 4.9 Fighting
 + Level 5.5 Axes
 + Level 4.8 Armour
 + Level 1.3 Dodging
 + Level 0.3 Stealth
 + Level 3.4 Shields
 + Level 0.7 Invocations


You had 5 spell levels left.
You didn't know any spells.
Your spell library contained the following spells:

 Spells                   Type           Power      Damage    Failure   Level
 Foxfire                  Conj/Fire      0%         2x1d4     65%         1
 Static Discharge         Conj/Air       0%         N/A       78%         2
 Conjure Flame            Conj/Fire      0%         6-21      95%         3
 Inner Flame              Hex/Fire       0%         N/A       95%         3
 Flame Wave               Conj/Fire      0%         2d4       100%        4
 Lightning Bolt           Conj/Air       0%         1d11      100%        5
 Maxwell's Capacitive Co  Air            0%         ∞         100%        8


Dungeon Overview and Level Annotations

Branches:
Dungeon (4/15)
 Temple: D:4-7

Altars:
Nemelex Xobeh
Yredelemnul


Message History

You climb downwards.
Your mindless puppet stays behind to rot.
You hear the hiss of flowing sand.
There is an entrance to an ossuary on this level.
Hurry and find it before the portal is buried!
Found a scroll labelled DOOL SACILIYH.
There is a stone staircase leading up here.
The ogre closely misses you.
There is a stone staircase leading up here.
Aiming: Iceblast
Press: ? - help, Q - select action, (/) - cycle Shift-Dir - straight line, f - ogre
Aim: an ogre, wielding a +0 giant club The mass of ice explodes!
The iceblast engulfs the ogre!
The ogre is moderately wounded.
You hear a shout! x4
You barely miss the ogre.
The ogre is moderately wounded.
The ogre hits you with a +0 giant club!
You slash the ogre!
The ogre is severely wounded.
The ogre barely misses you. The ogre misses you.
You hit the ogre.
The ogre is almost dead.
The ogre hits you with a +0 giant club!!
You closely miss the ogre.
The ogre is almost dead.
The ogre closely misses you.
You barely miss the ogre.
The ogre is almost dead.
The ogre hits you with a +0 giant club!
* * * LOW HITPOINT WARNING * * *
You barely miss the ogre.
The ogre is almost dead.
The ogre hits you with a +0 giant club!
* * * LOW HITPOINT WARNING * * *
You hit the ogre but do no damage.
The ogre is almost dead.
A lemure comes into view.
The ogre hits you with a +0 giant club!
You die...
Your body rises from the dead as a mindless zombie.

##.######
#....@O.#
#..###.....#
5.. #.....#
# .?....#
#.....#
#.....#
...#### ####


You could see an ogre and a lemure (wandering).

Vanquished Creatures
  A sky beast (D:3)
  A bullfrog (D:3)
  2 orc wizards (D:3)
  An adder (D:2)
  3 worms (D:2)
  7 orcs (D:3)
  2 ball pythons (D:2)
  4 endoplasms
  A giant cockroach (D:1)
  5 goblins
  4 hobgoblins
  2 jackals (D:1)
  2 quokkas
  4 bats
  7 frilled lizards
  5 kobolds
  13 rats
64 creatures vanquished.

Vanquished Creatures (collateral kills)
  An orc (D:3)
  2 endoplasms
  2 goblins (D:3)
  A quokka (D:2)
  2 bats
  A frilled lizard (D:1)
  2 rats (D:2)
11 creatures vanquished.

Vanquished Creatures (others)
  2 bat zombies (D:3)
  A kobold zombie (D:3)
  An orc zombie (D:3)
4 creatures vanquished.

Grand Total: 79 creatures vanquished

Notes
Turn   | Place    | Note
-------+----------+-------------------------------------------
     0 | D:1      | cyrus the Hill Orc Fighter began the quest for the Orb.
     0 | D:1      | Reached XP level 1. HP: 19/19 MP: 1/1
   204 | D:1      | Reached XP level 2. HP: 22/27 MP: 2/2
   649 | D:1      | Reached skill level 3 in Axes
   773 | D:1      | Found a faded altar of an unknown god.
   791 | D:1      | Prayed at the altar of an unknown god.
   791 | D:1      | Became a worshipper of Yredelemnul the Dark
   791 | D:1      | Reached * piety under Yredelemnul
  1411 | D:2      | Reached XP level 3. HP: 33/33 MP: 3/3
  1769 | D:2      | Reached ** piety under Yredelemnul
  2093 | D:2      | Reached XP level 4. HP: 39/40 MP: 4/4
  2180 | D:2      | Reached *** piety under Yredelemnul
  2521 | D:3      | Noticed a sky beast
  2531 | D:3      | Killed a sky beast
  2532 | D:3      | Reached skill level 4 in Axes
  2532 | D:3      | Reached skill level 1 in Dodging
  2532 | D:3      | Reached XP level 5. HP: 47/47 MP: 5/5
  2853 | D:3      | Found a sparkling altar of Nemelex Xobeh.
  2908 | D:3      | Reached skill level 5 in Axes
  2908 | D:3      | Reached XP level 6. HP: 33/53 MP: 6/6
  3606 | D:4      | Mangled by an ogre

Illustrated notes

Levels and vault maps discovered:
D:1:      dpeg_arrival_tiny_d, layout_basic, serial_aquarium,
          aquarium_bridge_straight [aquarium_subvault_bridge,
          aquarium_subvault_wall, aquarium_subvault_bridge,
          aquarium_subvault_wall], aquarium_window_corridor_3,
          aquarium_window_1, aquarium_window_fake, aquarium_window_fake,
          aquarium_view_2d, hellmonk_ecumenical_altar_lost_god
D:2:      kb_forest_paths, layout_loops_ring, minmay_rat_gold_closets
D:3:      layout_rooms, mainiacjoe_overflow_cross_hatched
D:4:      layout_loops_cross, amcnicky_altar_gilded, bloody_trog,
          lemuel_doored_altar, minmay_temple_entry_stoned_glass,
          gup_ossuary_entry_pyramid, uniq_pikel, uniq_grinder, uniq_edmund,
          uniq_natasha

Skill      XL: |  1  2  3  4  5 |
---------------+----------------+-----
Fighting       | 4 |  4.9
Axes           | 3 4 5 |  5.5
Armour         | 4 |  4.8
Dodging        | 1 |  1.3
Stealth        | |  0.3
Shields        | |  3.4
Invocations    | |  0.7

Action                   |  1- 3 |  4- 6 || total
-------------------------+-------+-------++-------
Melee: War axe           |    55 |       ||    55
       Battleaxe         |    54 |    88 ||   142
Invok: Recall Undead Har |     2 |     2 ||     4
       Dark Bargain      |       |     2 ||     2
Evoke: Wand              |       |     1 ||     1
  Use: Potion            |       |     1 ||     1
 Stab: Distracted        |       |     1 ||     1
Armor: Scale mail        |    89 |    47 ||   136
Dodge: Dodged            |    76 |    69 ||   145
Block: Buckler           |    16 |       ||    16

Table legend: (Time is in decaauts)
 A = Elapsed time spent in this place.
 B = Non-inter-level travel time spent in this place.
 C = Inter-level travel time spent in this place.
 D = Time resting spent in this place.
 E = Time spent auto-exploring this place.
 F = Levels seen in this place.
 G = Mean time per level.
                   A        B        C        D        E       F      G
               +--------+--------+--------+--------+--------+-----+--------+
         Total |   3698 |   3645 |     53 |    425 |   2270 |   4 |  924.5 |
       Dungeon |   3698 |   3645 |     53 |    425 |   2270 |   4 |  924.5 |
               +--------+--------+--------+--------+--------+-----+--------+

Top non-repeatable levels by time:
     D:1: 1414 daAuts
     D:3: 1169 daAuts
     D:2: 1101 daAuts
     D:4: 12 daAuts
